 Dungeon Crawl Stone Soup version 0.30-b1-2-g02819fbbbe (webtiles) character file.

Game seed: 10110053982479889871

2030 sanka the Cleaver (level 9, -9/60 HPs)
             Began as a Djinni Berserker on May 9, 2023.
             Was a Priest of Trog.
             Killed by divine providence
             ... invoked by an orc priest
              (15 damage)
             ... on level 8 of the Dungeon.
             The game lasted 00:09:47 (7453 turns).

sanka the Cleaver (Djinni Berserker)                Turns: 7453, Time: 00:09:48

Health: -9/60      AC:  9    Str: 17 (20) XL:     9   Next: 47%
Gold:   351        EV:  8    Int:  7 (10) God:    Trog [***...] SH:  0 Dex: 16 (18)

rFire   + + .        a - +0 hand axe
rCold   x . .        (no shield)
rNeg    . . .        A - +0 chain mail
rPois   ∞            q - +0 helmet
rElec   .            (no cloak)
rCorr   .            (no gloves)
SInv    .            (boots unavailable)
Will    ++...        (no amulet) Stlth
                     h - +6 ring of dexterity
HPRegen 1.30/turn    (no ring)
MPRegen 0.00/turn

%: infuse magic (-10 HP)
@: strong-willed, on berserk cooldown, flying, regenerating, slowed, very slow
A: sickness immunity, fire resistance 2, cold vulnerability 1, float, innate
caster, HP casting, extra vitality 1
a: Renounce Religion, Berserk, Trog's Hand


You were on level 8 of the Dungeon.
You worshipped Trog.
Trog was most pleased with you.
You visited 1 branch of the dungeon, and saw 8 of its levels.

You collected 456 gold pieces.
You spent 105 gold pieces at shops.

Inventory:

Hand Weapons
 a - a +0 hand axe (weapon)
Armour
 b - a +0 animal skin
 g - a +0 scale mail
 q - a +0 helmet (worn)
 A - a +0 chain mail (worn)
Jewellery
 h - a +6 ring of dexterity (left hand)
 i - an amulet of the acrobat
Wands
 j - a wand of flame (17)
 y - a wand of iceblast (12)
 F - a wand of charming (8)
Scrolls
 f - a scroll of silence {!r}
 n - a scroll of fog
 o - 4 scrolls of noise {!r}
 p - 2 scrolls of enchant armour
 r - a scroll of enchant weapon
 s - 6 scrolls of teleportation {@r4}
 u - 2 scrolls of immolation {unknown}
 x - 4 scrolls of vulnerability {!r}
 B - a scroll of summoning {unknown}
 C - a scroll of blinking {unknown}
Potions
 c - 2 potions of resistance
 d - a potion of curing {unknown}
 e - 3 potions of lignification {unknown}
 k - 2 potions of might
 l - 2 potions of cancellation {unknown}
 m - 3 potions of degeneration {!q}
 t - 3 potions of magic {unknown}
 v - a potion of flight {unknown}
 w - 3 potions of heal wounds {unknown}
 z - 3 potions of attraction {unknown}
 D - a potion of berserk rage {unknown}
 E - a potion of brilliance {unknown}


   Skills:
 - Level 3.0 Fighting
 + Level 10.3 Axes
 - Level 2.0 Armour
 - Level 2.1 Dodging


You knew the following spells:

 Your Spells              Type           Power      Damage    Failure   Level
a - Necrotise             Necr           0%         1d4       99%         1
b - Searing Ray           Conj           0%         2d4       100%        2
c - Frozen Ramparts       Ice            0%         1d1       100%        3
d - Anguish               Hex/Necr       0%         N/A       100%        4
Your spell library was empty.


Dungeon Overview and Level Annotations

Branches:
Dungeon (8/15)             Temple (0/1) D:7            Lair (0/5) D:8

Altars:
Dithmenos
Nemelex Xobeh
Okawaru
Ru

Shops:
D:3 ?   D:7 =

Annotations:
D:5 2 transporters, kSektR's ghost, novice TrBe


Innate Abilities, Weirdness & Mutations

You are immune to sickness and miasma.
You are immune to poison.
Your flesh is very heat resistant. (rF++)
You are vulnerable to cold. (rC-)
You float through the air rather than walking.
You learn spells naturally, not from books.
Your magical power is your life essence.
You have superior vitality. (+4 MHP)


Message History

Trog accepts your kill.
You are no longer berserk.
You are exhausted.
You feel yourself slow down.
The orc priest hits you but does no damage.
You hit the orc priest.
The orc priest is almost dead.
You closely miss the orc priest.
You hear a shout!
An orc priest comes into view. It is wielding a +0 hand axe.
The orc priest completely misses you.
The orc priest hits you with a +0 war axe.
* * * LOW HITPOINT WARNING * * *
You hear a howl! x2
You hit the orc priest.
The orc priest is almost dead.
You hit the orc priest.
The orc priest hits you but does no damage.
The orc priest calls down the wrath of Beogh upon you.
Beogh smites you!
* * * LOW HITPOINT WARNING * * *
It was a potion of degeneration.
There was something very wrong with that liquid.
You feel weakened.
You feel dopey.
You feel clumsy.
Your skin stops crawling.
You feel less strong-willed.
The orc priest calls upon Beogh to heal the orc priest.
The orc priest is healed somewhat.
The orc priest barely misses you.
Okay, then.
Okay, then.
Okay, then.
Press: ? - help, v - describe, . - travel
Here: an orc priest, wielding a +0 war axe and wearing a +0 leather armour (severely wounded)
The floor, spattered with blood.
Okay, then.
Your skin crawls.
You feel strong-willed. The orc priest barely misses you.
The orc priest mumbles some strange prayers to Beogh against you.
Beogh smites you!
You die...

...# #<#
.... #.#
..... #.#
P.... #.#
......#.#
......#.#
.>....oo#
#@# #.#
##.# #..#
#.## #.#
#.# #.#
#.#


You could see 2 orc priests.

Vanquished Creatures
  2 orc warriors (D:8)
  2 black bears
  2 ice beasts
  An ogre (D:6)
  2 bullfrogs
  2 scorpions
  2 howler monkeys
  3 jellies
  7 hounds
  An orc priest (D:7)
  A sleepcap (D:5)
  6 iguanas
  9 orc wizards
  10 gnolls
  11 adders
  A shadow imp (D:8)
  A white imp (D:6)
  4 ufetubi
  A worm (D:3)
  16 orcs
  7 endoplasms
  4 giant cockroaches
  4 goblins
  10 hobgoblins
  10 jackals
  4 quokkas
  4 ball pythons
  3 bats
  2 frilled lizards
  7 kobolds
  5 rats
144 creatures vanquished.

Vanquished Creatures (others)
  A plant (D:8)
1 creature vanquished.

Grand Total: 145 creatures vanquished

Notes
Turn   | Place    | Note
-------+----------+-------------------------------------------
     0 | D:1      | sanka the Djinni Berserker began the quest for the Orb.
     0 | D:1      | Reached XP level 1. HP: 20/20 MP: 0/0
   167 | D:1      | Reached XP level 2. HP: 15/25 MP: 0/0
   216 | D:1      | Reached skill level 3 in Axes
   452 | D:1      | Reached XP level 3. HP: 30/30 MP: 0/0
   452 | D:1      | Learned a level 1 spell: Necrotise
  1016 | D:2      | Found an iron altar of Okawaru.
  1511 | D:2      | Reached XP level 4. HP: 30/35 MP: 0/0
  1914 | D:2      | Reached ** piety under Trog
  1990 | D:3      | Reached skill level 4 in Axes
  2010 | D:3      | Identified the +0 robe "Joukh" {rN+}
  2223 | D:3      | Reached XP level 5. HP: 36/40 MP: 0/0
  2223 | D:3      | Learned a level 2 spell: Searing Ray
  2501 | D:3      | Found The Oracle's Delphic Readings.
  2572 | D:3      | Bought a scroll of enchant weapon for 75 gold pieces
  2572 | D:3      | Bought a scroll of teleportation for 30 gold pieces
  2669 | D:4      | Found a sacrificial altar of Ru.
  2771 | D:4      | Reached skill level 5 in Axes
  2775 | D:4      | Reached XP level 6. HP: 40/46 MP: 0/0
  2855 | D:4      | Found a sparkling altar of Nemelex Xobeh.
  2855 | D:4      | Found a shadowy altar of Dithmenos.
  2855 | D:4      | Found an iron altar of Okawaru.
  2855 | D:4      | Noticed an ice beast
  2876 | D:4      | Killed an ice beast
  3282 | D:5      | Entered Level 5 of the Dungeon
  3297 | D:5      | Reached skill level 6 in Axes
  3389 | D:5      | Reached XP level 7. HP: 47/50 MP: 0/0
  3389 | D:5      | Learned a level 3 spell: Frozen Ramparts
  4044 | D:5      | Found a transporter.
  4047 | D:5      | Noticed kSektR's ghost (novice TrBe)
  4052 | D:5      | Found a transporter.
  4097 | D:5      | Reached skill level 7 in Axes
  4420 | D:5      | Reached XP level 8. HP: 56/56 MP: 0/0
  4421 | D:5      | Reached *** piety under Trog
  5103 | D:6      | Reached skill level 8 in Axes
  6046 | D:7      | Reached skill level 9 in Axes
  6053 | D:7      | Found a staircase to the Ecumenical Temple.
  6135 | D:7      | Found Gojuligo's Jewellery Emporium.
  6164 | D:7      | Reached XP level 9. HP: 55/60 MP: 0/0
  6164 | D:7      | Learned a level 4 spell: Anguish
  7407 | D:8      | Reached skill level 10 in Axes
  7418 | D:8      | Found a staircase to the Lair.
  7453 | D:8      | Killed from afar by an orc priest

Illustrated notes

Levels and vault maps discovered:
D:1:      sevenhm_arrival_forest_fort_large_2, layout_loops_ring
D:2:      layout_basic, basic_altar, chequers_avenue
D:3:      layout_rooms, nicolae_nh_oracle_at_delphi
D:4:      layout_basic, chequers_temple_overflow_statue_of_worship,
          nicolae_ru_great_annihilating_truth
D:5:      layout_basic, gammafunk_ghost_mausoleum
D:6:      layout_basic, chequers_serial_rivers_micro_b, serial_park_tiny_pond
D:7:      layout_layer_cave, minmay_temple_entry_junction, serial_shops,
          nicolae_shop_gaudy_bauble, skrybe_limestone_x, st_stairs_3
D:8:      layout_loops_ring, cheibriados_altar_1,
          nicolae_overflow_crystal_walls, kennysheep_orc_sif_temple,
          erik_lair_orcish_takeover, enter_bailey_2, uniq_prince_ribbit1

Skill      XL: |  1  2  3  4  5  6  7  8  9 |
---------------+----------------------------+-----
Axes           | 3 4 5 6 7 9 10 | 10.3
Fighting       | |  3.0
Armour         | |  2.0
Dodging        | |  2.1

Action                     |  1- 3 |  4- 6 |  7- 9 || total
---------------------------+-------+-------+-------++-------
  Melee: Hand axe          |   105 |   177 |   430 ||   712
         Punch             |     1 |     1 |     4 ||     6
 Invoke: Berserk           |       |     2 |     6 ||     8
         Trog's Hand       |       |       |     5 ||     5
    Use: Scroll            |       |     6 |     1 ||     7
         Potion            |       |       |     1 ||     1
 Armour: Animal skin       |    13 |       |       ||    13
         Scale mail        |    17 |    99 |    48 ||   164
         Chain mail        |       |       |   115 ||   115
  Dodge: Dodged            |    60 |   111 |   156 ||   327
